 Dungeon Crawl Stone Soup version 0.28-a0-1199-gef9e1dbd39 (webtiles) character file.

Game seed: 8153996669585887342

4903 siradein the Protected (level 10, -7/92 (93) HPs)
             Began as a Minotaur Fighter on Dec 19, 2021.
             Was an Initiate of Yredelemnul.
             Shot with an arrow by a centaur warrior (17 damage)
             ... on level 8 of the Dungeon.
             The game lasted 00:13:35 (11961 turns).

siradein the Protected (Minotaur Fighter)          Turns: 11961, Time: 00:13:37

HP:   -7/92 (93)    AC: 14    Str: 21 (22) XL:     10   Next: 27%
MP:   9/9           EV:  7    Int:  5      God:    Yredelemnul [......]
Gold: 258           SH:  6    Dex: 10 (13) Spells: 9/9 levels left

rFire   . . .      SeeInvis .   D - +5 scimitar
rCold   . . .      Faith    .   c - +0 buckler
rNeg    . . .      Spirit   .   v - +0 plate armour
rPois   +          Reflect  .   (helmet restricted)
rElec   .          Harm     .   (no cloak)
rCorr   .          Rampage  .   (no gloves)
Will    .....                   (no boots)
Stlth   ..........              (no amulet)
HPRegen 0.25/turn               e - ring of poison resistance
MPRegen 0.11/turn               y - ring of flight

@: flying, lightly drained
A: horns 2, retaliatory headbutt
a: Renounce Religion, Recall Undead Harvest


You were on level 8 of the Dungeon.
You worshipped Yredelemnul.
Yredelemnul was noncommittal.
You visited 2 branches of the dungeon, and saw 9 of its levels.

You collected 258 gold pieces.

Inventory:

Hand Weapons
 D - a +5 scimitar (weapon)
Armour
 c - a +0 buckler (worn)
 v - a +0 plate armour (worn)
Jewellery
 e - a ring of poison resistance (left hand)
 t - a ring of ice
 y - a ring of flight (right hand)
 B - a +6 ring of intelligence
Wands
 b - a wand of charming (23)
 A - a wand of polymorph (16)
Scrolls
 a - a scroll of torment {unknown}
 d - a scroll of summoning {unknown}
 f - 2 scrolls of vulnerability
 h - 5 scrolls of identify
 i - a scroll of fog {unknown}
 j - 2 scrolls of brand weapon {unknown}
 k - 5 scrolls of teleportation {unknown}
 n - a scroll of enchant armour {unknown}
 o - 4 scrolls of amnesia {unknown}
 p - a scroll of fear {unknown}
 s - a scroll of noise {unknown}
 w - a scroll of blinking {unknown}
Potions
 g - a potion of heal wounds
 l - a potion of curing {unknown}
 m - a potion of attraction
 q - a potion of invisibility {unknown}
 u - 2 potions of brilliance
 x - a potion of mutation {unknown}
 z - a potion of berserk rage {unknown}
 C - a potion of might


   Skills:
 + Level 9.8 Fighting
 + Level 9.4 Long Blades
 + Level 9.8 Armour
 + Level 9.8 Shields
 + Level 1.1 Invocations


You had 9 spell levels left.
You didn't know any spells.
Your spell library contained the following spells:

 Spells                   Type           Power      Damage    Failure   Level
 Blink                    Tloc           0%         N/A       100%        2
 Passwall                 Tmut/Erth      0%         N/A       100%        2
 Swiftness                Air            0%         N/A       100%        3
 Manifold Assault         Tloc           0%         N/A       100%        5
 Storm Form               Tmut/Air       0%         N/A       100%        7


Dungeon Overview and Level Annotations

Branches:
Dungeon (8/15)             Temple (1/1) D:4
   Lair: D:8-11

Altars:
Ashenzari
Cheibriados
Dithmenos
Elyvilon
Fedhas
Gozag
Hepliaklqana
Kikubaaqudgha
Makhleb
Nemelex Xobeh
Okawaru
Qazlal
Sif Muna
Trog
Uskayaw
Vehumet
Wu Jian
Xom
Yredelemnul
Zin
The Shining One

Shops:
D:3 [

Annotations:
D:4 2 transporters, exclusion: statue, Wollwoll's ghost, novice DsIE
D:8 2 runed translucent doors


Innate Abilities, Weirdness & Mutations

You have a pair of horns on your head.
You reflexively headbutt those who attack you in melee.


Message History

There is a stone staircase leading down here.
There is an open door here.
Press: ? - help, v - describe, . - travel
Here: a skeletal warrior, wielding a +0 scimitar The floor.
There is a stone staircase leading down here.
There is a blossoming altar of Fedhas here.
You closely miss the skeletal warrior.
You hit the skeletal warrior but do no damage.
Your headbutt misses the skeletal warrior.
The skeletal warrior hits you with a +0 scimitar!!
You slash the skeletal warrior!
The skeletal warrior is lightly damaged.
The skeletal warrior closely misses you.
You furiously retaliate!
You headbutt the skeletal warrior.
You completely miss the skeletal warrior.
The skeletal warrior is moderately damaged.
The skeletal warrior hits you with a +0 scimitar!!
* * * LOW HITPOINT WARNING * * *
There is an open door here.
A centaur warrior comes into view.
It is wielding the +6 falchion of the Revolution {venom, *Noise rN++ Will+ Stlth+}.
The centaur warrior shouts!
The centaur warrior unwields the +6 falchion of the Revolution {venom, *Noise rN++ Will+ Stlth+}.
It stops dripping with poison.
The centaur warrior wields the +9 shortbow "Evoroc" {freeze, Fly SInv}.
It is covered in frost.
The centaur warrior shoots an arrow.
The arrow hits you!
* * * LOW HITPOINT WARNING * * *
The arrow freezes you.
* * * LOW HITPOINT WARNING * * *
As you read the scroll labelled YBAROLEISIO, it crumbles to dust.
It is a scroll of identify.
f - 2 scrolls of vulnerability The centaur warrior shoots an arrow.
The arrow hits you!
* * * LOW HITPOINT WARNING * * *
The arrow freezes you.
* * * LOW HITPOINT WARNING * * *
The centaur warrior shoots an arrow.
The arrow hits you!
You die...
Your body rises from the dead as a mindless zombie.

.........'.....# ##########.....#
.........'..(..# ##
##########.....####### #.
........########.....###########.
#######.# #.....'...........
......#.# #.....###########.
#####.#.# #z##### #. ......#.#
##@#### ####. #######.# #.....#
#.... ..# #.# #.....# #..≈≈ #.#
#.# #.....# #..≈≈
#.#####.#######.....##########.≈_
#.....................>........≈≈
.....#.########.....##########≈..
..............c.....# #.#.
..........########### #.#.


You could see a skeletal warrior and a centaur warrior.

Vanquished Creatures
  Grinder (D:6)
  Sigmund (D:2)
  5 yaks
  Duvessa (D:6)
  2 water moccasins
  4 orc warriors
  2 ice beasts
  2 black bears
  A sky beast (D:5)
  2 necrophages
  An ogre (D:6)
  2 phantoms (D:5)
  A gnoll sergeant (D:5)
  2 bullfrogs
  A wyvern zombie (D:7)
  A water moccasin zombie (D:6)
  5 scorpions
  A water moccasin skeleton (D:5)
  Dowan (D:6)
  3 killer bees
  12 wights
  A centaur zombie (D:6)
  A bullfrog zombie (D:5)
  2 jellies (D:6)
  3 hounds (D:5)
  5 orc priests
  A scorpion zombie (D:5)
  6 iguanas
  7 orc wizards
  A killer bee zombie (D:8)
  2 hound skeletons (D:4)
  2 howler monkey zombies
  3 gnolls (D:5)
  4 adders
  A shadow imp (D:6)
  2 white imps
  An ufetubus (D:4)
  3 worms
  A dart slug (D:5)
  17 orcs
  9 ball pythons
  4 bats
  2 endoplasms
  3 giant cockroaches
  7 goblins
  3 hobgoblins
  11 jackals
  2 kobolds
  5 quokkas
  3 frilled lizards
  2 rats
165 creatures vanquished.

Vanquished Creatures (others)
  A water moccasin zombie (D:8)
  A spectral white imp (D:8)
  A fungus (D:3)
  25 plants
28 creatures vanquished.

Grand Total: 193 creatures vanquished

Notes
Turn   | Place    | Note
-------+----------+-------------------------------------------
     0 | D:1      | siradein the Minotaur Fighter began the quest for the Orb.
     0 | D:1      | Reached XP level 1. HP: 19/19 MP: 0/0
   143 | D:1      | Reached XP level 2. HP: 17/27 MP: 1/1
   806 | D:2      | Noticed Sigmund
   812 | D:2      | Killed Sigmund
   813 | D:2      | Reached XP level 3. HP: 22/35 MP: 2/2
   813 | D:2      | Reached XP level 4. HP: 25/41 MP: 3/3
   813 | D:2      | Reached XP level 5. HP: 29/47 MP: 4/4
  1638 | D:3      | Found Kedaon's Antique Armour Emporium.
  1769 | D:3      | Reached skill level 5 in Fighting
  1769 | D:3      | Reached skill level 5 in Armour
  1769 | D:3      | Reached skill level 5 in Shields
  1769 | D:3      | Found a faded altar of an unknown god.
  2478 | D:4      | Reached XP level 6. HP: 56/56 MP: 5/5
  2515 | D:4      | Found a radiant altar of Vehumet.
  2805 | D:4      | Found a transporter.
  2809 | D:4      | Noticed Wollwoll's ghost (novice DsIE)
  2810 | D:4      | Found a transporter.
  2874 | D:4      | Found a staircase to the Ecumenical Temple.
  3818 | D:5      | Entered Level 5 of the Dungeon
  3838 | D:5      | Found a glowing silver altar of Zin.
  3850 | D:5      | Reached skill level 5 in Long Blades
  3859 | D:5      | Reached XP level 7. HP: 55/62 MP: 6/6
  3958 | D:5      | Noticed a yak
  3982 | D:5      | Killed a yak
  4197 | D:5      | Noticed a yak
  4197 | D:5      | Noticed a yak
  4265 | D:5      | Found a hazy altar of Hepliaklqana.
  4423 | D:5      | Reached XP level 8. HP: 19/71 MP: 7/7
  4684 | D:5      | Found an iron altar of Okawaru.
  4685 | D:5      | Found an opulent altar of Gozag.
  5883 | D:5      | Reached XP level 9. HP: 77/81 MP: 8/8
  6318 | D:6      | Noticed Dowan
  6323 | D:6      | Noticed Duvessa
  6624 | D:6      | Killed Duvessa
  6819 | D:6      | Killed Dowan
  7315 | D:6      | Found a stormy altar of Qazlal.
  8155 | D:6      | Noticed Grinder
  8165 | D:6      | Paralysed by Grinder for 3 turns
  8169 | D:6      | Killed Grinder
  9366 | D:7      | Reached XP level 10. HP: 64/90 MP: 9/9
 10382 | Temple   | Entered the Ecumenical Temple
 10454 | Temple   | Became a worshipper of Yredelemnul the Dark
 10953 | D:8      | Found a runed translucent door.
 10961 | D:8      | Found a runed translucent door.
 10961 | D:8      | Noticed a tengu warrior
 11300 | D:8      | Found a blossoming altar of Fedhas.
 11574 | D:8      | Noticed a purple ugly thing
 11686 | D:8      | Reached skill level 1 in Invocations
 11747 | D:8      | Noticed a skeletal warrior
 11960 | D:8      | Identified the +6 falchion of the Revolution {venom, *Noise
                  | rN++ Will+ Stlth+}
 11960 | D:8      | Identified the +9 shortbow "Evoroc" {freeze, Fly SInv}
 11960 | D:8      | Noticed a centaur warrior
 11961 | D:8      | Shot with an arrow by a centaur warrior

Illustrated notes

Levels and vault maps discovered:
D:1:      enne_arrival_octagon_isle, layout_rooms, minmay_liquid_box
D:2:      layout_loops_ring, minmay_quadrilaterals, uniq_sigmund
D:3:      layout_loops_ring, dreamdust_ecumenical_altar_grove, serial_shops,
          shop
D:4:      layout_basic, vehumet_statue, minmay_temple_entry_proselytizer,
          gammafunk_ghost_mausoleum
D:5:      layout_layer_cave, mainiacjoe_overflow_alcove_4, zin_treasury,
          gammafunk_temple_overflow_pools
D:6:      layout_basic, lemuel_tele_altar, minmay_misc_feat_enclosed,
          uniq_grinder, uniq_duvessa
D:7:      layout_loops_cross, kennysheep_generic_room_6
D:8:      minmay_the_grid_triangle_9x9_recursive_2
          [minmay_the_grid_triangle_9x9_prize_schism,
          minmay_the_grid_triangle_9x9_steps,
          minmay_the_grid_triangle_9x9_tough_junction,
          minmay_the_grid_triangle_9x9_swiss_cheese], layout_basic,
          nicolae_ru_path_of_blood, fedhas_altar_2, serial_bayou_lake_a
Temple:   eino_temple_lava

Skill      XL: |  1  2  3  4  5  6  7  8  9 10 |
---------------+-------------------------------+-----
Fighting       | 4 5 6 7 9 |  9.8
Long Blades    | 4 5 6 7 9 |  9.4
Armour         | 4 5 6 7 9 |  9.8
Shields        | 4 5 6 7 9 |  9.8
Invocations    | 1 |  1.1

Action                   |  1- 3 |  4- 6 |  7- 9 | 10-12 || total
-------------------------+-------+-------+-------+-------++-------
Melee: Long sword        |    35 |   156 |   319 |       ||   510
       Headbutt          |     5 |    29 |    76 |    19 ||   129
       Falchion          |       |       |    22 |    99 ||   121
       Scimitar          |       |       |       |    17 ||    17
  Use: Potion            |     1 |       |     4 |       ||     5
       Scroll            |       |       |       |     1 ||     1
Armor: Scale mail        |    18 |    56 |    63 |       ||   137
       Plate armour      |       |       |    92 |    41 ||   133
Dodge: Dodged            |    19 |    63 |    99 |    26 ||   207
Block: Buckler           |     6 |    36 |    65 |    26 ||   133

Table legend: (Time is in decaauts)
 A = Elapsed time spent in this place.
 B = Non-inter-level travel time spent in this place.
 C = Inter-level travel time spent in this place.
 D = Time resting spent in this place.
 E = Time spent auto-exploring this place.
 F = Levels seen in this place.
 G = Mean time per level.
                   A        B        C        D        E       F      G
               +--------+--------+--------+--------+--------+-----+--------+
         Total |  12004 |  11537 |    467 |   2325 |   7348 |   9 | 1333.8 |
       Dungeon |  11923 |  11466 |    457 |   2325 |   7301 |   8 | 1490.4 |
        Temple |     81 |     72 |      9 |      0 |     47 |   1 |   81.0 |
               +--------+--------+--------+--------+--------+-----+--------+

Top non-repeatable levels by time:
     D:5: 2931 daAuts
     D:4: 1926 daAuts
     D:6: 1868 daAuts
     D:7: 1682 daAuts
     D:8: 1066 daAuts
     D:2: 884 daAuts
     D:3: 811 daAuts
     D:1: 752 daAuts
  Temple: 81 daAuts
